AoeStats
← Mr. Penis

Arena

505542993Analyzed
4v4 RM · 22d ago on Sep 9, 2026· 29m 57s· 8 players
Game mode
Random Map
Map size
Large (8 player)
Population
200
Speed
Normal
Resources
Standard
Victory
Conquest
Starting age
Dark Age
Ending age
Imperial Age
RankedLock teamsTeams togetherTeam positionsShared explorationLock speedFull tech treeHidden civsTurbo modeCheats
Victory
Defeat
🇧🇪 Malians · Belgium
1340
+12
🇵🇹 Tupi · Portugal
1316
+12
🇨🇳 Burgundians · China
1243
+15
🇵🇹 Franks · Portugal
1231
+16
🇦🇹 Persians · Austria
1271
-15
🇷🇺 Jurchens · Russia
1245
-14
1217
-13
🇨🇱 Tatars · Chile
1208
-13
[BuluC]Not_the_Viper
3:59 Loom
4:15 Loom
10:52 Feudal Age
14:33 Castle Age
12:36 Double-Bit Axe
12:50 Horse Collar
15:09 Wheelbarrow
16:09 Bow Saw
16:18 Heavy Plow
17:25 Fervor
17:42 Town Watch
19:49 Sanctity
24:16 Stone Mining
28:16 Scale Barding Armor
28:22 Forging
31:28 Imperial Age
29:56 Chain Barding Armor
30:08 Hand Cart
29:58 Gold Mining
30:21 Husbandry
Mr. Penis
10:59 Feudal Age
15:09 Castle Age
13:19 Horse Collar
13:25 Double-Bit Axe
16:15 Bow Saw
17:56 Fervor
20:44 Heavy Plow
22:52 Wheelbarrow
23:35 Gold Mining
23:36 Stone Mining
25:10 Loom
30:04 Imperial Age
27:49 Hand Cart
27:20 Town Watch
29:00 Scale Barding Armor
29:05 Forging
29:30 Bloodlines
29:37 Husbandry
30:18 Chain Barding Armor
Kiwi
11:07 Feudal Age
14:58 Castle Age
14:35 Double-Bit Axe
17:35 Loom
19:42 Horse Collar
23:51 Wheelbarrow
29:11 Hand Cart
bastianbps
10:37 Feudal Age
11:13 Loom
11:20 Loom
14:13 Castle Age
12:35 Double-Bit Axe
12:36 Loom
13:47 Horse Collar
15:38 Bow Saw
24:56 Fletching
26:00 Bodkin Arrow
27:28 Padded Archer Armor
KRATOS | GOD OF WAR
10:20 Feudal Age
15:40 Castle Age
14:13 Double-Bit Axe
15:08 Gold Mining
16:51 Bow Saw
20:15 Wheelbarrow
20:58 Loom
21:15 Stone Mining
23:50 Gold Shaft Mining
29:44 Imperial Age
27:42 Hand Cart
29:04 Husbandry
29:20 Scale Barding Armor
29:15 Scale Mail Armor
29:28 Forging
30:39 Chain Barding Armor
29:48 Cavalier
Pryda
11:11 Feudal Age
14:56 Castle Age
12:43 Horse Collar
14:59 Double-Bit Axe
16:06 Gold Mining
18:54 Scale Mail Armor
19:00 Arson
20:43 Fletching
20:56 Squires
22:11 Forging
莽夫
4:58 Double-Bit Axe
10:49 Feudal Age
9:19 Horse Collar
15:08 Castle Age
13:55 Bow Saw
14:06 Heavy Plow
16:46 Crop Rotation
16:54 Wheelbarrow
24:37 Hand Cart
29:06 Imperial Age
26:22 Loom
26:31 Gold Mining
27:20 Burgundian Vineyards
27:25 Scale Barding Armor
27:36 Forging
29:07 Gold Shaft Mining
28:58 Chain Barding Armor
28:01 Cavalier
28:42 Husbandry
30:07 Iron Casting
30:35 Plate Barding Armor
29:33 Paladin
BARAKA wins!
11:59 Feudal Age
16:03 Castle Age
14:00 Double-Bit Axe
14:45 Horse Collar
15:46 Gold Mining
16:00 Scale Mail Armor
17:14 Bow Saw
17:38 Scale Mail Armor
21:42 Squires
22:28 Forging
23:45 Chain Mail Armor
23:41 Arson
23:27 Pikeman
27:31 Iron Casting
28:10 Loom
Connection lost

Rejoining the realm…

Still unreachable

The connection could not be restored.

Session expired

The server has moved on; the page needs a fresh start.